 Dungeon Crawl Stone Soup version 0.28.0-45-g0d030f2227 (webtiles) character file.

Game seed: 5052276866043435132

352 sanboga the Covered (level 6, -9/39 HPs)
             Began as a Gargoyle Fighter on Apr 5, 2022.
             Mangled by an ogre
             ... wielding a +0 giant spiked club
              (28 damage)
             ... on level 5 of the Dungeon.
             The game lasted 00:04:52 (3844 turns).

sanboga the Covered (Gargoyle Fighter)              Turns: 3844, Time: 00:04:53

Health: -9/39      AC: 15    Str: 22    XL:     6   Next: 61%
Magic:  2/2        EV:  9    Int:  8    God:
Gold:   134        SH:  4    Dex:  9    Spells: 5/5 levels left

rFire   . . .      SeeInvis .   a - +7 hand axe "Xusk" {antimagic, Will++}
rCold   . . .      Faith    .   c - +0 buckler
rNeg    + . .      Spirit   .   x - +0 scale mail
rPois   ∞          Reflect  .   e - +0 helmet
rElec   +          Harm     .   j - +1 cloak
rCorr   .          Rampage  .   (no gloves)
Will    ++...                   (no boots)
Stlth   ..........              (no amulet)
HPRegen 0.13/turn               (no ring)
MPRegen 0.08/turn               (no ring)

@: no status effects
A: sickness immunity, AC +4, negative energy resistance 1, electricity
resistance, torment resistance 1, petrification resistance
a: no special abilities


You were on level 5 of the Dungeon.
You visited 1 branch of the dungeon, and saw 5 of its levels.

You collected 261 gold pieces.
You spent 127 gold pieces at shops.

Inventory:

Hand Weapons
 a - the +7 hand axe "Xusk" (weapon) {antimagic, Will++}
   (You found it on level 4 of the Dungeon)

   It reduces the magical energy of the wielder, and disrupts the spells and
   magical abilities of those it strikes.
   Natural abilities and divine invocations are not affected.
   Will:      It greatly increases your willpower.
 b - a +0 war axe
Armour
 c - a +0 buckler (worn)
 e - a +0 helmet (worn)
 j - a +1 cloak (worn)
 x - a +0 scale mail (worn)
Scrolls
 f - 2 scrolls of silence {unknown}
 g - a scroll of brand weapon {unknown}
 k - 4 scrolls of teleportation
 l - 2 scrolls of vulnerability {unknown}
 m - a scroll of blinking
 q - a scroll of enchant armour {unknown}
 r - a scroll of immolation {unknown}
Potions
 d - a potion of might
 h - 2 potions of haste {unknown}
 i - 2 potions of curing
 n - 3 potions of attraction {unknown}
 o - a potion of mutation
 v - a potion of degeneration {unknown}
 w - a potion of heal wounds {unknown}


   Skills:
 + Level 4.6 Fighting
 * Level 4.1 Axes
 + Level 4.6 Armour
 + Level 4.5 Shields


You had 5 spell levels left.
You didn't know any spells.
Your spell library was empty.

Dungeon Overview and Level Annotations

Branches:
Dungeon (5/15)
 Temple: D:4-7

Altars:
Gozag

Shops:
D:2 !!(**   D:3 ?


Innate Abilities, Weirdness & Mutations

You are immune to sickness and miasma.
Your stone body is resilient. (AC +4)
You are immune to poison.
You resist negative energy. (rN+)
You are resistant to electric shocks. (rElec)
You are resistant to unholy torment.
You are immune to petrification.


Message History

Done exploring.
No target in view!
There is a stone staircase leading down here.
You climb downwards.
You hear the sound of rushing water.
There is an entrance to a sewer on this level.
Hurry and find it before the portal rusts away!
There is a stone staircase leading up here.
As you read the scroll of magic mapping, it crumbles to dust.
You feel aware of your surroundings.
You sensed 1 altar, and 1 shop/portal.
As you read the scroll of identify, it crumbles to dust.
t - 2 scrolls of noise
As you read the scroll of identify, it crumbles to dust.
s - 2 scrolls of torment You drop 2 scrolls of torment.
You drop 2 scrolls of noise.
A hound comes into view.
The hound barks!
The hound bites you but does no damage. The hound barely misses you.
Found a red potion.
The hound bites you but does no damage.
An ogre comes into view. It is wielding a +0 giant spiked club.
The ogre shouts!
The hound closely misses you. The hound barely misses you.
The ogre hits you with a +0 giant spiked club!
The hound barely misses you. The hound barely misses you.
A sky beast comes into view.
The hound bites you but does no damage. The hound bites you but does no damage.
The sky beast hits you. The sky beast shocks you. You resist.
The hound bites you but does no damage. The hound bites you but does no damage.
The hound bites you.
You open the door. The hound bites you but does no damage.
The ogre closely misses you. The hound bites you but does no damage.
The sky beast hits you but does no damage. 2 river rats and a rat come into view.
The ogre hits you with a +0 giant spiked club!!
Ouch! That really hurt!
You die...

*,,*≈≈∩≈#.####....##.###
*,,*#++##.#......#####
*,,,#≈≈#.........#
**,##≈≈*#........#
*,#≈rr≈#........#
*,#≈≈r≈#........#
*,*#≈≈##........#
*,,#≈≈#OY......##
**,+*#@h.......#
*#..........###
###...##..## ######.##
***..# ***,,..#******
**,,,,,..,,<,,*
*,******,**,,,* ***
********


You could see a sky beast, an ogre, a hound, 2 river rats and a rat.

Vanquished Creatures
  An ogre (D:4)
  A water moccasin skeleton (D:4)
  3 iguanas
  3 gnolls
  3 adders
  2 worms
  2 dart slugs (D:1)
  An orc (D:4)
  5 endoplasms
  4 giant cockroaches
  7 goblins
  6 hobgoblins
  5 jackals
  7 kobolds
  A quokka (D:4)
  10 ball pythons
  4 bats
  7 frilled lizards
  11 rats
83 creatures vanquished.

Vanquished Creatures (others)
  6 plants (D:1)
  13 withered plants (D:1)
19 creatures vanquished.

Grand Total: 102 creatures vanquished

Notes
Turn   | Place    | Note
-------+----------+-------------------------------------------
     0 | D:1      | sanboga the Gargoyle Fighter began the quest for the Orb.
     0 | D:1      | Reached XP level 1. HP: 14/14 MP: 1/1
   236 | D:1      | Reached XP level 2. HP: 19/19 MP: 2/2
   658 | D:1      | Found a faded altar of an unknown god.
   682 | D:1      | Reached XP level 3. HP: 14/23 MP: 3/3
  1100 | D:2      | Found Vunut's Distillery.
  1104 | D:2      | Bought a potion of curing for 42 gold pieces
  1181 | D:2      | Found Jimu's Distillery.
  1263 | D:2      | Reached XP level 4. HP: 14/29 MP: 4/4
  1918 | D:2      | Found Saam's Weapon Boutique.
  1963 | D:2      | Found Relun's General Store.
  1975 | D:2      | Found Plog's Assorted Antiques.
  1983 | D:2      | Bought a scroll labelled OHOTWU MENO for 21 gold pieces
  1983 | D:2      | Bought a brown potion for 18 gold pieces
  1983 | D:2      | Bought a bubbling green potion for 18 gold pieces
  2204 | D:3      | Reached XP level 5. HP: 29/33 MP: 5/5
  2389 | D:3      | Found an opulent altar of Gozag.
  2421 | D:3      | Found Heckasob's Magic Scroll Emporium.
  2448 | D:3      | Bought a scroll of identify for 28 gold pieces
  2988 | D:4      | Noticed an ogre
  2999 | D:4      | Killed an ogre
  3000 | D:4      | Reached XP level 6. HP: 14/39 MP: 6/6
  3607 | D:4      | Identified the +7 hand axe "Xusk" {antimagic, Will++}
  3813 | D:5      | Entered Level 5 of the Dungeon
  3833 | D:5      | Noticed a sky beast
  3844 | D:5      | Mangled by an ogre

Illustrated notes

Levels and vault maps discovered:
D:1:      minmay_arrival_four_circles, layout_loops_ring,
          shapermc_ecumenical_altar_flowoftime, minmay_tetromino_t2
D:2:      layout_rooms, serial_shops, nicolae_shop_hallway_stairs,
          nicolae_shop_stone, nicolae_shop_bloodbath_and_beyond,
          nicolae_shop_overgrown_old_shop, nicolae_square_shop, minmay_tall_x
D:3:      layout_loops_ring, grunt_gozag_breadcrumbs, serial_shops, shop,
          kennysheep_generic_room_15
D:4:      layout_cave_pools
D:5:      layout_cave_pods, lemuel_zombie_altar_yredelemnul,
          gup_sewer_entry_bowl, corexii_leaking_fountain

Skill      XL: |  1  2  3  4  5  6 |
---------------+-------------------+-----
Axes           | 2 3 4 |  4.1
Armour         | 4 |  4.6
Fighting       | 4 |  4.6
Shields        | 4 |  4.5

Action                   |  1- 3 |  4- 6 || total
-------------------------+-------+-------++-------
Melee: War axe           |   132 |   118 ||   250
       Hand axe          |       |     5 ||     5
  Use: Scroll            |       |     8 ||     8
Armor: Scale mail        |    72 |    78 ||   150
Dodge: Dodged            |    61 |    72 ||   133
Block: Buckler           |    38 |    29 ||    67
